[Event "Titled Tuesday Blitz May 31 Late 2022"]
[White "Kosteniuk, Alexandra"]
[Black "Jones, Gawain C B"]
[WhiteFideId "4128125"]
[BlackFideId "409561"]
[WhiteElo "2469"]
[BlackElo "2657"]
[Result "0-1"]
[Round "07"]
[TimeControl "180+1"]
[Date "2022.05.31"]
[WhiteClock "0:00:02"]
[BlackClock "0:00:08"]

1. e4 c6 2. Nc3 d5 3. Nf3 dxe4 4. Nxe4 Nf6 5. Qe2 Nxe4 6. Qxe4 Nd7 7. d4 Nf6 8. Qf4 Nd5 9. Qd2 e6 10. Bd3 Bd6 11. g3 b6 12. O-O Bb7 13. c4 Nf6 14. Qe2 O-O 15. Bg5 c5 16. Rad1 Bxf3 17. Qxf3 cxd4 18. Bb1 h6 19. Bxf6 Qxf6 20. Qxf6 gxf6 21. Rxd4 Be5 22. Rd2 Rfd8 23. Rfd1 Rxd2 24. Rxd2 Rc8 25. b3 b5 26. Bd3 b4 27. Be4 f5 28. Bf3 Rc5 29. Bh5 Rc7 30. f4 Bf6 31. Kf1 Kf8 32. Ke2 Ke7 33. Kd1 Rc5 34. Kc2 Bc3 35. Rd3 Bg7 36. Rd2 Ra5 37. Kb1 Bc3 38. Rd3 e5 39. fxe5 Rxe5 40. Bf3 Re1+ 41. Rd1 Re3 42. Bd5 Re2 43. c5 Rxh2 44. c6 Rb2+ 45. Kc1 Rxa2 46. Bc4 Ra1+ 47. Kc2 Rxd1 48. Kxd1 Be5 49. Ke2 Bxg3 50. Kf3 Bc7 51. Bb5 Kd6 52. Ke3 Kd5 53. Bc4+ Kxc6 54. Bxf7 Kd6 55. Be8 Ke5 56. Bd7 h5 57. Kf3 h4 58. Kg2 Ke4 59. Bc6+ Ke3 60. Kh3 Bd8 61. Bd5 f4 62. Kg4 Bc7 63. Bc6 h3 64. Kxh3 f3 65. Bb5 a5 0-1


[Site "https://www.chess.com"]

[Event "Titled Tuesday Blitz May 31 Late 2022"]
[White "Kozin, Yuri"]
[Black "D`Arruda, Ricardo D."]
[WhiteFideId "4129920"]
[BlackFideId "100692"]
[WhiteElo "2576"]
[BlackElo "2439"]
[Result "0-1"]
[Round "07"]
[TimeControl "180+1"]
[Date "2022.06.01"]
[WhiteClock "0:00:11"]
[BlackClock "0:00:34"]

1. e4 c5 2. Nf3 Nc6 3. d4 cxd4 4. Nxd4 e5 5. Nb5 a6 6. N5c3 Nf6 7. Bg5 Be7 8. Bxf6 Bxf6 9. Nd5 Bg5 10. Nbc3 d6 11. Bc4 Be6 12. O-O O-O 13. a3 Rc8 14. Bb3 Nd4 15. Ne2 Nxb3 16. cxb3 f5 17. exf5 Rxf5 18. Ng3 Rf7 19. Ne4 Bh6 20. Nxd6 Rd7 21. Nxc8 Qxc8 22. Nb6 Rxd1 23. Nxc8 Rxf1+ 24. Rxf1 Bxc8 25. Rd1 Bg5 26. Rd5 Bf6 27. Rc5 Bd7 28. Rc7 Bc6 29. b4 Kf8 30. a4 Ke8 31. b5 axb5 32. axb5 Kd8 33. Rf7 Bd5 34. Rf8+ Kc7 35. g4 Kb6 36. Rh8 h6 37. f3 Kxb5 38. Kf2 e4 39. fxe4 Bxe4 40. Re8 Bc6 41. Re2 Kb4 42. Kg3 Kb3 43. h4 Bxb2 44. g5 hxg5 45. hxg5 b5 46. Re6 Bd5 47. Rb6 Kc4 48. Kf4 Bd4 49. Rb8 b4 50. Kf5 b3 51. Kg6 b2 52. Kh7 Kc3 53. g6 Bb3 54. Rc8+ Kd3 55. Kh8 b1=Q 56. Rc1 Qxc1 57. Kh7 Qh1# 0-1


[Site "https://www.chess.com"]

[Event "Titled Tuesday Blitz May 31 Late 2022"]
[White "Krishnan, Varun"]
[Black "Chigaev, Maksim"]
[WhiteFideId "5054508"]
[BlackFideId "4108116"]
[WhiteElo "2634"]
[BlackElo "2457"]
[Result "0-1"]
[Round "07"]
[TimeControl "180+1"]
[Date "2022.05.31"]
[WhiteClock "0:00:02"]
[BlackClock "0:00:25"]

1. e4 c5 2. Nf3 d6 3. d4 cxd4 4. Nxd4 Nf6 5. Nc3 Nc6 6. Bg5 e6 7. Qd2 a6 8. O-O-O Bd7 9. f3 Be7 10. h4 b5 11. g4 Ne5 12. Kb1 Rc8 13. Bd3 h5 14. Bxf6 gxf6 15. gxh5 Rxh5 16. f4 Nc4 17. Qe2 Rh8 18. h5 Bf8 19. Qf3 Qb6 20. Nce2 b4 21. Bxc4 Rxc4 22. f5 e5 23. Nb3 a5 24. Nd2 Rc8 25. Nf1 Bh6 26. Rh3 Ke7 27. Ne3 Qxe3 28. Qxe3 Bxe3 29. Rxe3 Rxh5 30. Ng3 Rh2 31. Rc1 Bb5 32. c3 bxc3 33. Rexc3 Rxc3 34. Rxc3 Kd7 35. a3 a4 36. b3 axb3 37. Rxb3 Bc6 38. Rc3 Kc7 39. Kc1 Kb6 40. Rb3+ Ka5 41. Rc3 Kb6 42. Rb3+ Kc7 43. Rc3 Kd7 44. Rb3 d5 45. exd5 Bxd5 46. Rd3 Kd6 47. Ne4+ Kc6 48. Nxf6 Bc4 49. Re3 Kd6 50. Rc3 Kc5 51. a4 Kd4 52. Rc2 Rh1+ 53. Kb2 Rf1 54. Ng4 Bd3 55. Rd2 e4 56. Nf2 Ke3 57. Kc3 Rc1+ 58. Kb3 Kxd2 0-1


[Site "https://www.chess.com"]

[Event "Titled Tuesday Blitz May 31 Late 2022"]
[White "Kujawski, Adam"]
[Black "Suich, Peter D"]
[WhiteFideId "1100920"]
[BlackFideId "2050366"]
[WhiteElo "1982"]
[BlackElo "2433"]
[Result "0-1"]
[Round "07"]
[TimeControl "180+1"]
[Date "2022.06.01"]
[WhiteClock "0:00:01"]
[BlackClock "0:00:22"]

1. e4 c5 2. Nf3 Nc6 3. Nc3 e6 4. d4 cxd4 5. Nxd4 Nf6 6. Ndb5 d6 7. Bf4 e5 8. Bg5 a6 9. Na3 Be6 10. Nc4 Rb8 11. Ne3 Be7 12. Bxf6 Bxf6 13. Ncd5 Bg5 14. h4 Bxh4 15. c3 Bg5 16. Bd3 h6 17. g3 Ne7 18. Qf3 Bxe3 19. Nxe3 d5 20. O-O-O Qa5 21. exd5 Nxd5 22. Nxd5 Bxd5 23. Be4 Bxe4 24. Qxe4 O-O 25. Rd5 Qxa2 26. Rhd1 Qb3 27. Rxe5 Rbd8 28. Rxd8 Rxd8 29. Re8+ Rxe8 30. Qxe8+ Kh7 31. Qe4+ g6 32. g4 Qb5 33. f3 Qf1+ 34. Kc2 Qf2+ 35. Kb3 Qb6+ 36. Kc2 Qb5 37. b4 a5 38. bxa5 Qxa5 39. Qxb7 Qa2+ 40. Kd3 Qe6 41. Qe4 Qa6+ 42. c4 Qa3+ 43. Kd4 Qa1+ 44. Kd5 Qa2 45. Kd6 Qa6+ 46. Ke7 Qa7+ 47. Ke8 Kg8 48. Qe5 Qa8+ 49. Ke7 Qb7+ 50. Ke8 Qc6+ 51. Ke7 Qxc4 52. Qb8+ Kh7 53. Qf8 Qe6+ 54. Kd8 Qf6+ 55. Ke8 Qxf3 56. Qb4 Qf6 57. Kf8 Qg7+ 58. Ke8 f6 0-1


[Site "https://www.chess.com"]

[Event "Titled Tuesday Blitz May 31 Late 2022"]
[White "Lashkin, Jegor"]
[Black "Diaz Rosas, Julio Cesar"]
[WhiteFideId "13907808"]
[BlackFideId "5105099"]
[WhiteElo "2368"]
[BlackElo "2278"]
[Result "0-1"]
[Round "07"]
[TimeControl "180+1"]
[Date "2022.05.31"]
[WhiteClock "0:00:01"]
[BlackClock "0:00:09"]

1. c4 e6 2. Nc3 d5 3. d4 a6 4. cxd5 exd5 5. Bf4 Nf6 6. e3 c6 7. Bd3 Bd6 8. Nge2 O-O 9. O-O Re8 10. h3 Be6 11. Rb1 Qc7 12. a3 Nbd7 13. Qc2 Nf8 14. b4 Ng6 15. Bxd6 Qxd6 16. a4 Rac8 17. Qb2 Nh4 18. Ng3 Qd7 19. Kh2 Nf5 20. Nce2 b5 21. a5 Nd6 22. Nf4 Nfe4 23. Nxe4 dxe4 24. Be2 Bc4 25. Bg4 f5 26. Bh5 g6 27. Be2 Qf7 28. Rbc1 Bxe2 29. Qxe2 Nc4 30. Rc3 Rcd8 31. Rfc1 Rd6 32. Rxc4 bxc4 33. Rxc4 g5 34. Nh5 Rh6 35. g4 fxg4 36. hxg4 Rf8 37. Kg2 Rg6 38. Rc5 Qd7 39. Re5 Kh8 40. Ng3 Re6 41. Rxg5 Rg6 42. Rxg6 hxg6 43. Nxe4 Qd5 44. f3 Rf7 45. Qxa6 Qa2+ 46. Kg3 Qb1 47. Qe2 Qg1+ 48. Qg2 Qxe3 49. a6 Qf4+ 50. Kf2 Qxe4 51. Qh2+ Kg7 52. Qg3 Qxd4+ 53. Kg2 Re7 54. Kh3 Kg8 0-1


[Site "https://www.chess.com"]

[Event "Titled Tuesday Blitz May 31 Late 2022"]
[White "Leitao, Rafael"]
[Black "Baches Garcia, Guillermo"]
[WhiteFideId "2101246"]
[BlackFideId "2209764"]
[WhiteElo "2609"]
[BlackElo "2503"]
[Result "0-1"]
[Round "07"]
[TimeControl "180+1"]
[Date "2022.06.01"]
[WhiteClock "0:00:12"]
[BlackClock "0:00:05"]

1. e4 c5 2. Nf3 d6 3. d4 cxd4 4. Nxd4 Nf6 5. Nc3 Nc6 6. Bg5 e6 7. Qd2 h6 8. Bh4 Nxe4 9. Qf4 Nf6 10. O-O-O g5 11. Qf3 gxh4 12. Bb5 Bd7 13. Rhe1 Be7 14. Kb1 Qb6 15. Nb3 Ne5 16. Qe2 a6 17. Bxd7+ Nexd7 18. Rd4 Nc5 19. Nd2 Qc7 20. a3 b5 21. Rxh4 Rc8 22. Rf4 Ncd7 23. Nb3 Ne5 24. Nd2 Nfd7 25. Rd4 d5 26. f4 Nc4 27. Nxd5 Nxa3+ 28. bxa3 Qxc2+ 29. Ka1 Bxa3 30. Rb1 Bc5 31. Rd3 Qa4+ 32. Kb2 Be7 33. Nc3 Qb4+ 34. Kc2 Qc5 35. Ne4 Qc7 36. Kd1 b4 37. Nd5 exd5 38. Rxd5 O-O 39. Qg4+ Kh8 40. Rd2 Rfd8 41. Qh5 Nf6 42. Qxh6+ Kg8 43. Nxf6+ Bxf6 44. Qxf6 Qc2+ 45. Ke1 Qxd2+ 46. Kf1 Rc1+ 47. Rxc1 Qxc1+ 48. Kf2 Qc2+ 49. Kf3 Qc3+ 0-1


[Site "https://www.chess.com"]

[Event "Titled Tuesday Blitz May 31 Late 2022"]
[White "Leiva, Gianmarco"]
[Black "Curtis, John"]
[WhiteFideId "3804399"]
[BlackFideId "3200256"]
[WhiteElo "2323"]
[BlackElo "2203"]
[Result "1-0"]
[Round "07"]
[TimeControl "180+1"]
[Date "2022.06.01"]
[WhiteClock "0:00:11"]
[BlackClock "0:00:01"]

1. Nf3 d5 2. d4 c6 3. c4 Nf6 4. e3 g6 5. Nc3 Bg7 6. Bd3 O-O 7. O-O c5 8. dxc5 dxc4 9. Bxc4 Qa5 10. Nb5 Ne4 11. a3 a6 12. b4 Qd8 13. Nbd4 b6 14. cxb6 Qxb6 15. Bb2 Bb7 16. Qe2 e5 17. Nb3 Nc6 18. Bd5 Ne7 19. Bxb7 Qxb7 20. Bxe5 Bxe5 21. Nxe5 Qd5 22. Nc4 Rac8 23. Nca5 Nf5 24. Rfd1 Qa8 25. Rdc1 Nh4 26. f3 Nc3 27. Qf2 Nf5 28. Nc5 Rcd8 29. Rxc3 Nd6 30. Rac1 Nb5 31. Rd3 Rxd3 32. Nxd3 Rd8 33. Ne5 Qd5 34. Nac6 Rd6 35. Ne7+ Kg7 36. Nxd5 Rxd5 37. Qb2 f6 38. Ng4 Rd6 39. a4 Na3 40. Qxa3 h5 41. Rc7+ Kg8 42. Nf2 Rd2 43. Qb3+ Kh8 44. Qf7 1-0


[Site "https://www.chess.com"]

[Event "Titled Tuesday Blitz May 31 Late 2022"]
[White "Leschinsky, Gary"]
[Black "Vypkhaniuk, Ihor"]
[WhiteFideId "30951321"]
[BlackFideId "14112256"]
[WhiteElo "1782"]
[BlackElo "2346"]
[Result "0-1"]
[Round "07"]
[TimeControl "180+1"]
[Date "2022.06.01"]
[WhiteClock "0:00:10"]
[BlackClock "0:00:22"]

1. d4 Nf6 2. c4 c5 3. d5 b5 4. cxb5 a6 5. e3 g6 6. Nc3 Bg7 7. Nf3 O-O 8. a4 e6 9. e4 Bb7 10. Bc4 exd5 11. exd5 Re8+ 12. Be3 axb5 13. axb5 Rxa1 14. Qxa1 Ng4 15. O-O Nxe3 16. fxe3 Rxe3 17. d6 Bxf3 18. Rxf3 Rxf3 19. gxf3 Qb6 20. Qe1 Bd4+ 21. Kh1 Qxd6 22. Qe8+ Qf8 23. Bxf7+ Kg7 24. Qxf8+ Kxf8 25. Bd5 d6 26. Ne4 Ke7 27. b3 Nd7 28. Kg2 Nb6 29. Bc6 d5 30. Nd2 Kd6 31. Kf1 Be3 32. Ke2 Bf4 33. h3 Ke5 34. Be8 Kd4 35. Nb1 g5 36. Bf7 c4 37. bxc4 Kxc4 38. Nd2+ Kxb5 39. Kd3 Bxd2 40. Kxd2 Kc4 41. Bg8 h6 42. Bh7 Kd4 43. Bg6 Nc4+ 44. Ke2 Ne5 45. Bh7 Nc6 46. Bg6 Na5 47. Bh7 Nc4 48. Bg8 Ke5 49. Bf7 Nd6 50. Bg8 d4 51. Kd3 Nf5 52. Bh7 Nh4 53. Be4 Ng2 54. Ba8 Nf4+ 55. Kc4 Nxh3 56. Bb7 Nf4 57. Ba8 h5 58. Bb7 h4 0-1


[Site "https://www.chess.com"]

[Event "Titled Tuesday Blitz May 31 Late 2022"]
[White "Lobanov, Sergei"]
[Black "Fishbein, Alexander"]
[WhiteFideId "24183750"]
[BlackFideId "2000377"]
[WhiteElo "2524"]
[BlackElo "2442"]
[Result "1-0"]
[Round "07"]
[TimeControl "180+1"]
[Date "2022.05.31"]
[WhiteClock "0:00:18"]
[BlackClock "0:00:01"]

1. e4 e5 2. Nf3 Nc6 3. Bb5 a6 4. Ba4 Nf6 5. d3 d6 6. O-O g6 7. c3 Bg7 8. h3 O-O 9. Be3 Re8 10. Nbd2 Bd7 11. Re1 d5 12. Bc2 h6 13. a4 Be6 14. a5 Qe7 15. Nb3 dxe4 16. dxe4 Rad8 17. Qc1 Nxe4 18. Bxe4 Bxb3 19. Bxh6 Bd5 20. Bxg7 Kxg7 21. Ra4 Bxe4 22. Raxe4 f5 23. Rh4 Rh8 24. Rxh8 Rxh8 25. Qe3 e4 26. Nd4 Nxd4 27. Qxd4+ Qf6 28. Qd7+ Qf7 29. Rd1 Re8 30. Qd4+ Qf6 31. Qc5 Re7 32. Rd8 f4 33. Qd4 Qxd4 34. Rxd4 Kf6 35. f3 Kf5 36. fxe4+ Rxe4 37. Rd7 Re2 38. b4 c5 39. Rxb7 cxb4 40. cxb4 Rb2 41. Rb6 g5 42. Rxa6 Rxb4 43. Ra8 Rb1+ 44. Kh2 Rb2 45. a6 f3 46. Rf8+ Kg6 47. a7 Rxg2+ 48. Kh1 1-0


[Site "https://www.chess.com"]

[Event "Titled Tuesday Blitz May 31 Late 2022"]
[White "Lopez Del Alamo, Antonio"]
[Black "Lehtosaari, Mauri"]
[WhiteFideId "2227339"]
[BlackFideId "501999"]
[WhiteElo "2089"]
[BlackElo "2432"]
[Result "0-1"]
[Round "07"]
[TimeControl "180+1"]
[Date "2022.06.01"]
[WhiteClock "0:00:16"]
[BlackClock "0:00:09"]

1. e4 c5 2. Nf3 e6 3. d3 Nc6 4. g3 Nf6 5. Bg2 Be7 6. O-O O-O 7. Re1 d5 8. e5 Nd7 9. h4 b5 10. Bf4 Bb7 11. Nbd2 Rc8 12. Nf1 Nd4 13. Ng5 h6 14. Nh3 b4 15. c3 bxc3 16. bxc3 Nb5 17. Bd2 Rb8 18. a4 Nc7 19. Nh2 d4 20. c4 Bxg2 21. Kxg2 Rb2 22. Bc1 Qa8+ 23. Kg1 Rbb8 24. Qh5 Qc6 25. Ng4 f5 26. Nxh6+ gxh6 27. Qg6+ Kh8 28. Qxh6+ Kg8 29. Qg6+ Kh8 30. Ng5 Bxg5 31. Bxg5 Ne8 32. Bh6 Rg8 33. Qf7 Nb6 34. a5 Rb7 35. Qh5 Rh7 36. axb6 axb6 37. Ra7 Rxa7 38. Bf8+ Rh7 39. Qe2 Qd7 40. Bd6 Nxd6 41. exd6 Qxd6 42. Kh2 f4 43. Rg1 fxg3+ 44. fxg3 Rgg7 45. Qe4 e5 46. Ra1 Rg8 47. Rf1 Qg6 48. Qf3 Qg7 49. Kh3 Qg6 50. g4 Re8 51. h5 Qg5 52. Qf6+ Qxf6 53. Rxf6 e4 54. dxe4 Rxe4 55. Rf8+ Kg7 56. Rb8 d3 57. g5 Rxh5+ 58. Kg3 Rxg5+ 59. Kf3 Rd4 0-1


[Site "https://www.chess.com"]

[Event "Titled Tuesday Blitz May 31 Late 2022"]
[White "Maghsoodloo, Parham"]
[Black "Trost, Edvin"]
[WhiteFideId "12539929"]
[BlackFideId "1729519"]
[WhiteElo "2630"]
[BlackElo "2165"]
[Result "0-1"]
[Round "07"]
[TimeControl "180+1"]
[Date "2022.05.31"]
[WhiteClock "0:01:01"]
[BlackClock "0:01:32"]

1. e4 e6 2. d4 d5 3. e5 c5 4. c3 Nc6 5. Nf3 Qb6 6. a3 c4 7. Nbd2 Qc7 8. h4 Nge7 9. h5 f6 10. exf6 gxf6 11. Be2 Nf5 12. Nf1 Kf7 13. g4 Nd6 14. Bf4 Qb6 15. Qc2 Be7 16. Ng3 Bd7 17. g5 fxg5 18. Nxg5+ Bxg5 19. Bxg5 Nf5 20. Bf3 Rhg8 21. Bf4 Raf8 22. Nxf5 exf5 23. Bxd5+ Be6 24. Bxe6+ Kxe6 25. d5+ Kxd5 26. O-O-O+ Ke6 27. Rhe1+ Kf6 28. Rd6+ Kg7 29. Qxf5 Rxf5 30. Rd7+ Kh8 31. Be3 Qb5 32. h6 Rd5 33. Rc7 Rgd8 34. Bf4 Qb3 35. Rd7 R5xd7 0-1


[Site "https://www.chess.com"]

[Event "Titled Tuesday Blitz May 31 Late 2022"]
[White "Maksimenko, Viktor"]
[Black "Vajda, Levente"]
[WhiteFideId "13710478"]
[BlackFideId "1203975"]
[WhiteElo "2269"]
[BlackElo "2573"]
[Result "1-0"]
[Round "07"]
[TimeControl "180+1"]
[Date "2022.05.31"]
[WhiteClock "0:01:42"]
[BlackClock "0:01:57"]

1. d4 Nf6 2. c4 c5 3. d5 b5 4. cxb5 a6 5. bxa6 Bxa6 6. Nc3 d6 7. e4 Bxf1 8. Kxf1 Nbd7 9. g3 g6 10. Kg2 Bg7 11. Nf3 O-O 12. Qc2 Qa5 13. Rd1 Rfb8 14. a4 Rb4 15. Ra3 Qa6 16. h3 Rab8 17. Nd2 Ne5 18. Nb5 c4 19. f4 Nd3 20. Nxc4 Nc5 21. e5 dxe5 22. fxe5 Nxd5 23. Rxd5 Qc6 24. Ne3 e6 25. Qxc5 Qb7 26. Qxb4 exd5 27. Qd4 Re8 28. Nd6 Qa6 29. Nxe8 Qe2+ 30. Kg1 Bxe5 31. Qd2 1-0


[Site "https://www.chess.com"]

[Event "Titled Tuesday Blitz May 31 Late 2022"]
[White "Matlakov, Maxim"]
[Black "Pakleza, Zbigniew"]
[WhiteFideId "4168003"]
[BlackFideId "1119290"]
[WhiteElo "2669"]
[BlackElo "2467"]
[Result "1-0"]
[Round "07"]
[TimeControl "180+1"]
[Date "2022.05.31"]
[WhiteClock "0:00:07"]
[BlackClock "0:00:04"]

1. e4 d6 2. d4 Nf6 3. Bd3 e5 4. c3 d5 5. dxe5 dxe4 6. Bb5+ c6 7. Qxd8+ Kxd8 8. exf6 cxb5 9. Bg5 Kc7 10. Nd2 Bf5 11. Ne2 Nd7 12. Nd4 Bg6 13. Nxb5+ Kb6 14. fxg7 Bxg7 15. a4 Nc5 16. Be3 Kc6 17. O-O Rhd8 18. Nc4 b6 19. Nd4+ Kd5 20. Nd2 f5 21. f3 Rf8 22. a5 Nd3 23. fxe4+ fxe4 24. Rxf8 Rxf8 25. axb6 axb6 26. Ra7 Bxd4 27. Bxd4 Nxb2 28. Bxb6 Nc4 29. Nxc4 Kxc4 30. Bd4 Kd3 31. Re7 Ke2 32. h3 Kd3 33. Rd7 Ke2 34. Bc5 Re8 35. c4 Rc8 36. Rd5 Re8 37. Bb6 e3 38. Ra5 Kd3 39. Ra3+ Kxc4 40. Bxe3 Rd8 41. Bf2 Rd1+ 42. Kh2 Rd3 43. Ra4+ Kd5 44. Rf4 Rd2 45. Rf6 Ke5 46. Rf8 Be4 47. Kg3 Rc2 48. Re8+ Kf5 49. Be3 Rxg2+ 50. Kh4 Re2 51. Bd4 Bd3 52. Rf8+ Ke4 53. Bc3 Kd5 54. Rh8 Bg6 55. Rd8+ Kc4 56. Bf6 Re3 57. Kg4 Rd3 58. Rc8+ Kd5 59. h4 Ke6 60. Bg5 Bf5+ 61. Kf4 Rd4+ 62. Ke3 Re4+ 63. Kf3 Kf7 64. Rc7+ Kg6 65. Rc6+ Kh5 66. Rh6# 1-0


[Site "https://www.chess.com"]

[Event "Titled Tuesday Blitz May 31 Late 2022"]
[White "Moral Garcia, Serafin"]
[Black "Harsh Suresh"]
[WhiteFideId "2201925"]
[BlackFideId "45018464"]
[WhiteElo "2228"]
[BlackElo "2020"]
[Result "1-0"]
[Round "07"]
[TimeControl "180+1"]
[Date "2022.06.01"]
[WhiteClock "0:00:24"]
[BlackClock "0:00:15"]

1. e4 c5 2. Nf3 d6 3. d4 cxd4 4. Nxd4 Nf6 5. Nc3 g6 6. Be3 Bg7 7. f3 Nc6 8. Qd2 O-O 9. O-O-O d5 10. Kb1 Re8 11. Nxc6 bxc6 12. exd5 Nxd5 13. Nxd5 cxd5 14. Qxd5 Qxd5 15. Rxd5 Be6 16. Rb5 a6 17. Rb7 a5 18. Bb5 Reb8 19. Rxb8+ Rxb8 20. a4 Be5 21. f4 Bd6 22. Rd1 h5 23. c4 Kg7 24. c5 Bc7 25. c6 h4 26. g3 Kf6 27. Bd4+ Kf5 28. Bc5 hxg3 29. hxg3 Kg4 30. Bxe7 Kxg3 31. Bd6 Bxd6 32. Rxd6 Kxf4 33. Ba6 Bf5+ 34. Kc1 Rb6 35. Bc4 g5 36. Bxf7 g4 37. Bd5 g3 38. Rf6 Rb8 39. c7 Rc8 40. Rf7 Ke5 41. Bb7 Be6 42. Re7 g2 43. Bxg2 Kd6 44. Rxe6+ Kxe6 45. Bh3+ Kd6 46. Bxc8 Kxc7 47. Bf5 Kb6 48. Kc2 Kc5 49. Kc3 Kb6 50. Kc4 Ka6 51. Kc5 Kb7 52. Kb5 Ka7 53. Kxa5 Kb7 54. Kb5 Ka7 55. a5 Kb8 56. a6 Ka7 57. Ka5 Kb8 58. Kb6 Ka8 59. b4 Kb8 60. a7+ Ka8 61. Be4# 1-0


[Site "https://www.chess.com"]

[Event "Titled Tuesday Blitz May 31 Late 2022"]
[White "Norowitz, Yaacov"]
[Black "Vasquez Schroeder, Rodrigo"]
[WhiteFideId "2024799"]
[BlackFideId "3400042"]
[WhiteElo "2412"]
[BlackElo "2567"]
[Result "1-0"]
[Round "07"]
[TimeControl "180+1"]
[Date "2022.05.31"]
[WhiteClock "0:01:01"]
[BlackClock "0:00:16"]

1. d4 Nf6 2. e3 g6 3. Nf3 Bg7 4. Be2 O-O 5. O-O d6 6. b3 b6 7. Bb2 Bb7 8. c4 e6 9. Qc2 Nbd7 10. Nc3 a6 11. Rad1 c5 12. Qb1 Qe7 13. Qa1 Rfd8 14. Rd2 cxd4 15. Nxd4 Nc5 16. Rfd1 Rac8 17. h3 d5 18. cxd5 exd5 19. Nf3 Nce4 20. Nxe4 dxe4 21. Nd4 Ne8 22. Bg4 Rb8 23. a4 h5 24. Be2 Rbc8 25. Bf1 Nf6 26. Rc1 Rxc1 27. Qxc1 Rc8 28. Rc2 Rxc2 29. Qxc2 Qd7 30. Bc4 Ne8 31. Qe2 Qc8 32. Qd2 Nd6 33. Be2 Qc5 34. Bc3 a5 35. b4 axb4 36. Bxb4 Qd5 37. Qc2 Nf5 38. Nxf5 Qxf5 39. Qc7 Qc8 40. Qxb6 Qc1+ 41. Bf1 Bc6 42. a5 Be5 43. Qc5 Qb2 44. Qf8+ 1-0


[Site "https://www.chess.com"]

[Event "Titled Tuesday Blitz May 31 Late 2022"]
[White "Oparin, Grigoriy"]
[Black "Taichman, Ori"]
[WhiteFideId "24125890"]
[BlackFideId "2804069"]
[WhiteElo "2665"]
[BlackElo "2227"]
[Result "1-0"]
[Round "07"]
[TimeControl "180+1"]
[Date "2022.05.31"]
[WhiteClock "0:02:16"]
[BlackClock "0:00:12"]

1. g3 g6 2. Bg2 Bg7 3. c4 Nf6 4. Nc3 O-O 5. e4 d6 6. Nge2 c5 7. d4 cxd4 8. Nxd4 Nc6 9. Nxc6 bxc6 10. O-O Rb8 11. Qc2 Nd7 12. b3 Nc5 13. Be3 Qa5 14. Ne2 Bxa1 15. Rxa1 Ba6 16. Rd1 Rfd8 17. h4 Rbc8 18. h5 gxh5 19. Nf4 Ne6 20. Nxe6 fxe6 21. Bh3 Kg7 22. Bxe6 h4 23. Qb2+ Kg6 24. f4 hxg3 25. f5+ Kh5 26. Qe2+ Kh4 27. Kg2 1-0


[Site "https://www.chess.com"]

[Event "Titled Tuesday Blitz May 31 Late 2022"]
[White "Papasimakopoulos, Alexandros"]
[Black "Zhigalko, Sergei"]
[WhiteFideId "4244125"]
[BlackFideId "13502956"]
[WhiteElo "2340"]
[BlackElo "2662"]
[Result "0-1"]
[Round "07"]
[TimeControl "180+1"]
[Date "2022.05.31"]
[WhiteClock "0:00:07"]
[BlackClock "0:00:05"]

1. d4 Nf6 2. c4 e6 3. Nf3 b6 4. g3 Ba6 5. b3 Bb4+ 6. Bd2 Be7 7. Bg2 c6 8. O-O d5 9. cxd5 cxd5 10. Nc3 Nc6 11. Re1 Rc8 12. e3 O-O 13. Bf1 Bxf1 14. Rxf1 Ne4 15. Rc1 Ba3 16. Rb1 Qe7 17. Nb5 Bb4 18. a3 Bxa3 19. Nxa3 Qxa3 20. Ne1 Qa2 21. Nf3 Nxd2 22. Nxd2 a5 23. Ra1 Qb2 24. Rb1 Qa3 25. Qe2 Nb4 26. Ra1 Qb2 27. Rfb1 Qc2 28. Kf1 Qf5 29. Qf3 Qd3+ 30. Qe2 Qf5 31. Qf3 Qh3+ 32. Qg2 Qxg2+ 33. Kxg2 Rc2 34. Nf3 f6 35. Ne1 Rc3 36. Rc1 Rfc8 37. Rxc3 Rxc3 38. Rb1 Kf7 39. Kf1 Ke7 40. Ke2 Rc7 41. Kd2 Kd6 42. Rb2 Rc8 43. Nd3 Nxd3 44. Kxd3 e5 45. dxe5+ fxe5 46. f3 h5 47. Ra2 Rc5 48. Ra4 Rb5 49. Kc3 Rc5+ 50. Kd3 Rc1 51. Rh4 g6 52. g4 Rb1 53. Kc2 Rf1 54. gxh5 gxh5 55. f4 e4 56. Rxh5 Rf2+ 57. Kc3 Re2 58. Rh3 b5 59. b4 a4 60. Rh6+ Kc7 61. Kd4 a3 62. Ra6 Rd2+ 63. Kc5 a2 64. Kxb5 d4 65. exd4 e3 66. Ra7+ Kd6 67. Ra8 e2 68. Rd8+ Ke7 69. Rd5 e1=Q 70. Re5+ Qxe5+ 71. fxe5 a1=Q 72. d5 Qxe5 73. Ka4 Qxd5 74. h4 Ra2# 0-1


[Site "https://www.chess.com"]

[Event "Titled Tuesday Blitz May 31 Late 2022"]
[White "Papp, Levente"]
[Black "Zakarian, David"]
[WhiteFideId "751243"]
[BlackFideId "13301276"]
[WhiteElo "2308"]
[BlackElo "2459"]
[Result "1-0"]
[Round "07"]
[TimeControl "180+1"]
[Date "2022.06.01"]
[WhiteClock "0:00:07"]
[BlackClock "0:00:24"]

1. Nf3 c5 2. g3 Nc6 3. d4 cxd4 4. Nxd4 e5 5. Nxc6 dxc6 6. Qxd8+ Kxd8 7. Bg2 Bf5 8. Nc3 Bxc2 9. e4 Bd3 10. Bg5+ Kc7 11. O-O-O Bc4 12. Bh3 Be6 13. Bxe6 fxe6 14. Rd2 h6 15. Be3 Nf6 16. f3 Bb4 17. Rhd1 b6 18. Kc2 Rad8 19. Rxd8 Rxd8 20. Rxd8 Kxd8 21. Nd1 Kc7 22. Nf2 a5 23. Kd3 Bd6 24. a4 Nd7 25. Nd1 Bc5 26. Bd2 Bd4 27. b3 Nc5+ 28. Kc2 Kd6 29. Be3 Na6 30. Kd3 Kc5 31. Bd2 Nb4+ 32. Ke2 b5 33. Ne3 bxa4 34. bxa4 Bxe3 35. Bxe3+ Kc4 36. Bb6 Kb3 37. Bxa5 c5 38. Bc7 Kxa4 39. Bxe5 Kb3 40. Bxg7 h5 41. g4 hxg4 42. fxg4 c4 43. h4 c3 44. Bxc3 Kxc3 45. Ke3 Nc2+ 46. Kf4 Kd4 47. h5 Ne3 48. h6 e5+ 49. Kg5 Kxe4 50. h7 Kf3 51. h8=Q e4 52. Qc3 Ke2 53. Qd4 Kf3 54. Qe5 Ng2 55. Qd5 Ne3 56. Qd2 Ng2 57. Qxg2+ Kxg2 58. Kf4 Kh3 59. g5 Kg2 60. Kxe4 Kg3 61. g6 Kf2 62. g7 1-0


[Site "https://www.chess.com"]

[Event "Titled Tuesday Blitz May 31 Late 2022"]
[White "Paravyan, David"]
[Black "Wieczorek, Oskar"]
[WhiteFideId "4194985"]
[BlackFideId "1133950"]
[WhiteElo "2569"]
[BlackElo "2330"]
[Result "0-1"]
[Round "07"]
[TimeControl "180+1"]
[Date "2022.05.31"]
[WhiteClock "0:00:47"]
[BlackClock "0:00:32"]

1. e4 c5 2. Nf3 e6 3. d4 cxd4 4. Nxd4 Nf6 5. Nc3 d6 6. g4 e5 7. Nf5 h5 8. Bb5+ Nc6 9. Bg5 a6 10. Bc4 hxg4 11. Nd5 Bxf5 12. exf5 Nd4 13. Nxf6+ gxf6 14. Be3 d5 15. Be2 Nxf5 16. Qd3 e4 17. Qb3 Nxe3 18. fxe3 Qa5+ 19. c3 O-O-O 20. Bxg4+ Kb8 21. O-O-O Bc5 22. Rde1 Rd6 23. Kc2 Rb6 24. Qxd5 Rxb2+ 25. Kxb2 Ba3+ 26. Kb3 Qxd5+ 27. Kxa3 f5 28. Be2 Rc8 29. Kb2 Qd2+ 30. Kb1 Rxc3 0-1


[Site "https://www.chess.com"]

[Event "Titled Tuesday Blitz May 31 Late 2022"]
[White "Piesik, Piotr"]
[Black "Drygalov, Andrey"]
[WhiteFideId "1136194"]
[BlackFideId "24171735"]
[WhiteElo "2190"]
[BlackElo "2540"]
[Result "0-1"]
[Round "07"]
[TimeControl "180+1"]
[Date "2022.05.31"]
[WhiteClock "0:00:01"]
[BlackClock "0:00:13"]

1. Nf3 d5 2. g3 g6 3. Bg2 Bg7 4. O-O Nf6 5. d4 O-O 6. c4 c6 7. Nc3 dxc4 8. a4 a5 9. e3 Na6 10. Ne5 Be6 11. Qe2 Nb4 12. Nxc4 Qc7 13. Bd2 Rfd8 14. Rfc1 Nfd5 15. Nxd5 Bxd5 16. Bxb4 axb4 17. b3 Bxg2 18. Kxg2 c5 19. Nd2 b6 20. Qf3 Qb8 21. Nc4 cxd4 22. exd4 Bxd4 23. Rab1 Bc5 24. Rd1 Ra7 25. Qc6 Rc7 26. Qe4 Rcd7 27. Rxd7 Rxd7 28. Re1 Qd8 29. Qc6 Rc7 30. Qe4 e6 31. Re2 Qd5 32. Qxd5 exd5 33. Re8+ Kg7 34. Ne5 Bd4 35. Nd3 Rc2 36. Kf1 Rd2 37. Nxb4 Rxf2+ 38. Ke1 Rb2 39. Nxd5 Rxb3 40. Re4 Bc5 41. Rc4 Ra3 42. g4 g5 43. Kf1 Kg6 44. Kg2 h5 45. h3 h4 46. Nc3 f6 47. Ne4 Be3 48. Rc6 Bd4 49. Rc4 Be5 50. Rb4 Ra2+ 51. Kg1 Rh2 52. Rb3 Ra2 53. Rxb6 Rxa4 0-1


[Site "https://www.chess.com"]